 Dungeon Crawl Stone Soup version 0.27.0-1-g7a089689b8 (webtiles) character file.

Game seed: 2927730775385437208

163 Acheron the Ruffian (level 5, 0/48 HPs)
             Began as a Troll Enchanter on Aug 10, 2021.
             Slain by a scorpion (6 damage)
             ... on level 4 of the Dungeon.
             The game lasted 00:11:46 (1813 turns).

Acheron the Ruffian (Troll Enchanter)               Turns: 1813, Time: 00:11:46

Health: 0/48       AC:  4    Str: 16    XL:     5   Next: 20%
Magic:  6/6        EV: 10    Int: 12    God:
Gold:   132        SH:  0    Dex: 10    Spells: 4/7 levels left

rFire    . . .     SeeInvis .     - Unarmed
rCold    . . .     Faith    .   (no shield)
rNeg     . . .     Spirit   .   b - +0 robe
rPois    .         Reflect  .   (helmet restricted)
rElec    .         Harm     .   (no cloak)
rCorr    .         Rampage  .   (gloves unavailable)
Will     .....                  (boots unavailable)
Stlth    ++........             (no amulet)
HPRegen  1.16/turn              (no ring)
MPRegen  0.10/turn              (no ring)

@: lethally poisoned (0 -> 0)
A: large, unfitting armour, claws 3, regeneration 1, shaggy fur 1, tough skin 1
a: no special abilities


You were on level 4 of the Dungeon.
You visited 1 branch of the dungeon, and saw 5 of its levels.

You collected 132 gold pieces.

Inventory:

Hand Weapons
 a - a +1 dagger
 l - a +2 vorpal flail
Missiles
 g - 6 curare-tipped darts (quivered)
 i - 3 boomerangs
 m - 2 silver boomerangs
Armour
 b - a +0 robe (worn)
Jewellery
 d - a ring of fire
Wands
 h - a wand of flame (11)
Potions
 c - a potion of haste {unknown}
 e - a potion of heal wounds {unknown}
 f - 4 potions of curing
 k - a potion of lignification {unknown}


   Skills:
 * Level 1.0 Fighting
 - Level 0.7 Short Blades
 * Level 0.1 Throwing
 * Level 2.3 Dodging
 * Level 1.8 Stealth
 * Level 2.6 Unarmed Combat
 * Level 1.5 Spellcasting
 + Level 2.2 Hexes
 * Level 0.4 Evocations


You had 4 spell levels left.
You knew the following spells:

 Your Spells              Type           Power      Damage    Failure   Level
a - Corona                Hex            6%         N/A       12%         1
b - Ensorcelled Hibernat  Hex/Ice        6%         N/A       26%         2

Your spell library contained the following spells:

 Spells                   Type           Power      Damage    Failure   Level
 Confusing Touch          Hex            6%         N/A       34%         3
 Tukima's Dance           Hex            6%         N/A       34%         3
 Dazzling Flash           Conj/Hex       6%         N/A       47%         3


Dungeon Overview and Level Annotations

Branches:
Dungeon (5/15)
 Temple: D:4-7

Altars:
Hepliaklqana


Innate Abilities, Weirdness & Mutations

You are too large for most types of armour.
You have claws for hands.
Your natural rate of healing is unusually fast.
You are covered in fur. (AC +1)
You have tough skin. (AC +1)


Message History

You see here a hound corpse.
You see here a +0 shortbow.
A scorpion is nearby!
The scorpion stings you.
You are poisoned.
The scorpion poisons you! The scorpion closely misses you.
You scratch the scorpion.
The scorpion is lightly wounded.
You feel sick.
The scorpion stings you but does no damage.
You scratch the scorpion but do no damage.
The scorpion is lightly wounded.
You feel sick. The scorpion stings you!
You barely miss the scorpion.
The scorpion is lightly wounded.
You feel sick. The scorpion closely misses you.
You barely miss the scorpion.
The scorpion is lightly wounded.
You feel sick. The scorpion stings you!
You are more poisoned.
The scorpion poisons you!
You scratch the scorpion but do no damage.
The scorpion is lightly wounded.
You feel sick. The scorpion barely misses you.
You closely miss the scorpion.
The scorpion is lightly wounded.
You feel sick. The scorpion stings you.
You scratch the scorpion but do no damage.
The scorpion is lightly wounded.
You feel sick. The scorpion stings you.
* * * LOW HITPOINT WARNING * * *
You barely miss the scorpion.
The scorpion is lightly wounded.
You feel sick. The scorpion stings you!
* * * LOW HITPOINT WARNING * * *
The scorpion stings you but does no damage.
You scratch the scorpion.
The scorpion is moderately wounded.
You feel sick. The scorpion stings you.
You die...

#.....)..# #.######†#
#.# #.# #.# #.# #.# #.#
#.# #.# ####### #. #.#
#.# ......#
.#...######.# #.#
#####.# ..[...s@....#
#.#
#...#.##..##.###########
#.#
.<.................[..>#
#.#
###.###....#.###.###.#.#
#.# .....
..###.###.###.#.# #.#
###.###..............#.#
#.# #.#
#...#.####.##..#.# #.#
###.###...# # #.##..#.#
#.# . ........#.#
#.##..#.# #.#


You could see a scorpion.

Vanquished Creatures
  A hound (D:4)
  A hound skeleton (D:4)
  4 adders
  An adder skeleton (D:4)
  A dart slug (D:4)
  11 orcs (D:3)
  2 bats (D:2)
  8 endoplasms
  2 giant cockroaches (D:2)
  6 goblins
  2 hobgoblins
  10 jackals (D:2)
  4 quokkas
  4 ball pythons
  A frilled lizard (D:2)
  3 kobolds
  2 rats (D:2)
63 creatures vanquished.

Notes
Turn   | Place    | Note
-------+----------+-------------------------------------------
     0 | D:1      | Acheron the Troll Enchanter began the quest for the Orb.
     0 | D:1      | Reached XP level 1. HP: 16/16 MP: 1/1
    37 | D:1      | You fall into a shaft and drop 1 floor!
   130 | D:2      | Reached XP level 2. HP: 24/24 MP: 2/2
   394 | D:2      | Reached skill level 1 in Unarmed Combat
   394 | D:2      | Reached XP level 3. HP: 32/32 MP: 2/4
   513 | D:2      | Learned a level 2 spell: Ensorcelled Hibernation
   872 | D:3      | Reached XP level 4. HP: 40/40 MP: 5/5
  1488 | D:4      | Noticed a scorpion
  1567 | D:4      | Found a hazy altar of Hepliaklqana.
  1714 | D:4      | Reached skill level 1 in Fighting
  1720 | D:5      | Entered Level 5 of the Dungeon
  1772 | D:4      | Reached XP level 5. HP: 36/48 MP: 6/6
  1813 | D:4      | Slain by a scorpion

Illustrated notes

Levels and vault maps discovered:
D:1:      wander_arrival_fairy_ring, layout_loops_corners,
          shapermc_ecumenical_altar_mp_urbaneastern, minmay_misc_feat_five
D:2:      layout_basic
D:3:      layout_basic
D:4:      layout_basic, mainiacjoe_overflow_catwalk, kennysheep_generic_room_9
D:5:      layout_basic, mainiacjoe_overflow_concentric_impassable

Skill      XL: |  1  2  3  4 |
---------------+-------------+-----
Unarmed Combat | 1 2 |  2.6
Dodging        | 2 |  2.3
Fighting       | 1 |  1.0
Short Blades   | |  0.7
Throwing       | |  0.1
Stealth        | |  1.8
Spellcasting   | |  1.5
Hexes          | |  2.2
Evocations     | |  0.4

Action                   |  1- 3 |  4- 6 || total
-------------------------+-------+-------++-------
Melee: Unarmed           |   129 |   105 ||   234
 Cast: Corona            |     1 |       ||     1
Evoke: Wand              |     1 |       ||     1
  Use: Scroll            |     1 |     2 ||     3
 Stab: Sleeping          |     2 |     1 ||     3
Armor: Robe              |    66 |    27 ||    93
Dodge: Dodged            |    83 |    48 ||   131
